 Dungeon Crawl Stone Soup version 0.23.0-2-g0fe3ce5 (webtiles) character file.

Game seed: 2061682380228160162

191 theswoord the Chopper (level 5, 0/41 HPs)
             Began as a Demonspawn Monk on Feb 19, 2019.
             Slain by a worker ant (4 damage)
             ... on level 3 of the Dungeon.
             The game lasted 00:04:42 (3175 turns).

theswoord the Chopper (Demonspawn Monk)             Turns: 3175, Time: 00:04:43

Health: 0/41       AC:  5    Str: 12    XL:     5   Next: 41%
Magic:  14/14      EV: 12    Int: 12    God:
Gold:   96         SH:  0    Dex: 15    Spells: 4/4 levels left

rFire    . . .     SeeInvis .   a - +1 hand axe
rCold    + . .     Gourm    .   (no shield)
rNeg     . . .     Faith    .   g - +0 leather armour
rPois    .         Spirit   .   e - +0 helmet
rElec    .         Reflect  .   f - +0 cloak
rCorr    .         Harm     .   (no gloves)
MR       .....                  (no boots)
Stlth    ++........             h - amulet of rage
HPRegen  0.13/turn              l - ring of magical power
MPRegen  0.14/turn              o - ring of protection from cold

@: very slightly contaminated, invisible
A: spiny 3
a: Evoke Berserk Rage


You were on level 3 of the Dungeon.
You were very hungry.

You visited 1 branch of the dungeon, and saw 4 of its levels.

You collected 96 gold pieces.

Inventory:

Hand Weapons
 a - a +1 hand axe (weapon)
Armour
 b - a +1 robe
 e - a +0 helmet (worn)
 f - a +0 cloak (worn)
 g - a +0 leather armour (worn)
Jewellery
 h - an amulet of rage (around neck)
 l - a ring of magical power (left hand)
 o - a ring of protection from cold (right hand)
Scrolls
 d - 2 scrolls of identify
 m - a scroll of teleportation
Potions
 j - 2 potions of flight
 k - a potion of invisibility
 n - a potion of brilliance {unknown}
Comestibles
 c - 3 rations


   Skills:
 - Level 3.0 Fighting
 + Level 5.6 Axes
 - Level 2.6 Dodging
 - Level 1.7 Stealth


You had 4 spell levels left.
You didn't know any spells.
Your spell library was empty.

Dungeon Overview and Level Annotations

Branches:
Dungeon (4/15)
 Temple: D:4-7

Altars:


Innate Abilities, Weirdness & Mutations

You are completely covered in sharp spines.


Message History

The orc shouts!
The orc priest invokes the aid of Beogh against you.
Beogh smites you!
* * * LOW HITPOINT WARNING * * *
The worm is struck by your spines. The worm bites you!
* * * LOW HITPOINT WARNING * * *
There is a stone staircase leading up here.
The worker ant closely misses you.
You climb upwards.
There is a stone staircase leading down here.
It was a potion of invisibility.
You fade into invisibility!
The worker ant is struck by your spines.
The worker ant bites you.
* * * LOW HITPOINT WARNING * * *
You are very lightly contaminated with residual magic.
You hit the worker ant.
The worker ant bites you but does no damage.
You barely miss the worker ant. The worker ant bites you.
You die...

.#..#............# ####..
.#..#............###########.....
....#............................
###.#............................
.................................
###.#...................)........
#.......#####.w................
###############.a................
................@................
################.................
#..........................#
#.########.................# #.#
#.############....# #.# #.#
###'## #.# #.# #.# #.# #.# #.##
#.# #.# #.#<


You could see a worm and a worker ant.

Vanquished Creatures
  An orc priest (D:3)
  Crazy Yiuf (D:2)
  Robin (D:2)
  4 adders
  2 worms
  3 orcs (D:3)
  4 ball pythons
  2 giant cockroaches
  16 goblins
  10 hobgoblins
  3 jackals (D:3)
  10 kobolds
  8 bats
  A frilled lizard (D:1)
  6 rats
72 creatures vanquished.

Notes
Turn   | Place    | Note
-------+----------+-------------------------------------------
     0 | D:1      | theswoord the Demonspawn Monk began the quest for the Orb.
     0 | D:1      | Reached XP level 1. HP: 18/18 MP: 1/1
   209 | D:1      | Reached skill level 3 in Axes
   358 | D:1      | Gained mutation: You are partially covered in sharp spines.
                  | [demonic ancestry]
   358 | D:1      | Reached XP level 2. HP: 22/24 MP: 2/2
   825 | D:2      | Noticed Robin
   839 | D:2      | Killed Robin
   839 | D:2      | Reached XP level 3. HP: 22/29 MP: 3/3
   841 | D:2      | Reached skill level 4 in Axes
  1026 | D:2      | Found a faded altar of an unknown god.
  1243 | D:2      | Gained mutation: You are mostly covered in sharp spines.
                  | [demonic ancestry]
  1243 | D:2      | Reached XP level 4. HP: 35/35 MP: 4/4
  1323 | D:2      | Found a runed translucent door.
  1324 | D:2      | Noticed Crazy Yiuf
  1615 | D:2      | Killed Crazy Yiuf
  1615 | D:2      | Reached skill level 5 in Axes
  1985 | D:3      | Gained mutation: You are completely covered in sharp
                  | spines. [demonic ancestry]
  1985 | D:3      | Reached XP level 5. HP: 14/41 MP: 5/5
  3175 | D:3      | Slain by a worker ant

Skill      XL: |  1  2  3  4 |
---------------+-------------+-----
Axes           | 3 4 5 |  5.6
Fighting       | |  3.0
Dodging        | |  2.6
Stealth        | |  1.7

Action                   |  1- 3 |  4- 6 || total
-------------------------+-------+-------++-------
Melee: Hand axe          |    98 |    75 ||   173
  Use: Scroll            |     4 |     4 ||     8
       Potion            |     1 |     2 ||     3
 Stab: Sleeping          |     2 |     4 ||     6
  Eat: Chunk             |     1 |     5 ||     6
Armor: Robe              |    17 |       ||    17
       Leather armour    |       |     8 ||     8
Dodge: Dodged            |    52 |    33 ||    85

Levels and vault maps discovered:
D:1:      minmay_arrival_doors, layout_loops_ring, minmay_shallow_snake_nest
D:2:      layout_rooms, chequers_ecumenical_altar_island,
          uniq_crazy_yiuf_cottage, uniq_robin
D:3:      layout_basic
D:4:      layout_layer_cave, minmay_misc_feat_tower, uniq_grinder
